 Dungeon Crawl Stone Soup version 0.26-a0-651-gb41185065b (webtiles) character file.

Game seed: 227924888676654268

297 Irenicus the Carver (level 6, -10/56 HPs)
             Began as a Minotaur Chaos Knight on Oct 30, 2020.
             Was a Plaything of Xom.
             Mangled by a wyvern (13 damage)
             ... on level 4 of the Dungeon.
             The game lasted 00:06:19 (2221 turns).

Irenicus the Carver (Minotaur Chaos Knight)         Turns: 2221, Time: 00:06:19

Health: -10/56     AC:  6    Str: 14 (17) XL:     6   Next: 12%
Magic:  5/5        EV: 10    Int:  7 (9)  God:    Xom [..*...]
Gold:   39         SH:  5    Dex: 11 (13) Spells: 5/5 levels left

rFire    . . .     SeeInvis .   u - +3 falchion
rCold    . . .     Faith    .   (no shield)
rNeg     . . .     Spirit   .   l - +0 ring mail
rPois    .         Reflect  +   (helmet restricted)
rElec    .         Harm     .   (no cloak)
rCorr    .         Rampage  .   q - +0 pair of gloves
MR       .....                  (no boots)
Stlth    ++........             f - amulet of reflection
HPRegen  0.18/turn              (no ring)
MPRegen  0.09/turn              (no ring)

@: brilliant
A: retaliatory headbutt, horns 2, thin skeletal structure 1, robust 1
a: Renounce Religion


You were on level 4 of the Dungeon.
You worshipped Xom.
You were a toy of Xom.
You visited 1 branch of the dungeon, and saw 4 of its levels.

You collected 159 gold pieces.
You spent 120 gold pieces at shops.

Inventory:

Hand Weapons
 a - a +0 falchion of chaos
 r - a +2 club of chaos
   (You took it off a goblin on level 2 of the Dungeon)
 u - a +3 falchion (weapon)
   (You took it off an orc on level 3 of the Dungeon)
Armour
 b - a +2 leather armour
 l - a +0 ring mail (worn)
   (You found it on level 2 of the Dungeon)
 p - a +0 buckler
   (You found it on level 2 of the Dungeon)
 q - a +0 pair of gloves (worn)
   (You found it on level 2 of the Dungeon)
Jewellery
 f - an amulet of reflection (around neck)
   (You found it on level 1 of the Dungeon)
Wands
 t - a wand of disintegration (16)
   (You found it on level 3 of the Dungeon)
Scrolls
 d - 2 scrolls of noise {unknown}
 e - 3 scrolls of enchant armour {unknown}
 g - 3 scrolls of remove curse {unknown}
 h - 2 scrolls of magic mapping {unknown}
 j - a scroll of amnesia {unknown}
 o - 4 scrolls of identify {unknown}
Potions
 c - 2 potions of degeneration {!q}
 i - 2 potions of curing
 k - a potion of mutation {!q}
 m - 2 potions of brilliance
 n - a potion of heal wounds {unknown}
 s - a potion of stabbing {unknown}
 v - a potion of haste
 w - a potion of flight {unknown}


   Skills:
 - Level 3.6 Fighting
 + Level 8.3 Long Blades
 - Level 2.4 Armour
 - Level 1.1 Dodging


You had 5 spell levels left.
You didn't know any spells.
Your spell library was empty.

Dungeon Overview and Level Annotations

Branches:
Dungeon (4/15)
 Temple: D:4-7

Altars:
Ashenzari
Qazlal

Shops:
D:4 !


Innate Abilities, Weirdness & Mutations

You reflexively headbutt those who attack you in melee.
You have a pair of horns on your head.
You have a somewhat thin skeletal structure. (Dex +2, Stealth)
You are robust. (+10% HP)


Message History

Found a stone staircase leading down.
You take 4 damage, and have 47/51 hp.
The white imp hits you but does no damage.
You hit the white imp.
The white imp is lightly wounded.
The white imp gestures at you.
The puff of frost reflects off an invisible shield around you!
Xom is highly amused!
The puff of frost hits the white imp.
The white imp resists.
You closely miss the white imp. Your headbutt misses the white imp.
The white imp is lightly wounded.
The white imp gestures at you. The puff of frost hits you.
You take 6 damage, and have 41/51 hp.
You barely miss the white imp.
The white imp is lightly wounded.
The white imp barely misses you.
You riposte.
You slash the white imp! You headbutt the white imp.
You kill the white imp!
You now have 39 gold pieces (gained 15).
e - 3 scrolls labeled HAIKUO OSONEAJ (gained 1)
m - 3 sedimented cyan potions (gained 1)
A worker ant comes into view.
The worker ant twitches its antennae in your direction.
You regained 6 hp, and now have 48/51 hp.
A worker ant is nearby!
Found a stone staircase leading down.
The worker ant closely misses you. x2
You hit the worker ant. You headbutt the worker ant.
The worker ant is heavily wounded.
The worker ant bites you.
You take 2 damage, and have 46/51 hp.
You closely miss the worker ant.
The worker ant is heavily wounded.
The worker ant closely misses you.
You closely miss the worker ant.
The worker ant is heavily wounded.
The worker ant misses you.
You barely miss the worker ant.
The worker ant is heavily wounded.
The worker ant bites you but does no damage.
You hit the worker ant.
The worker ant is almost dead.
You block the worker ant's attack.
You hit the worker ant.
You kill the worker ant!
w - a fizzy inky potion A wyvern comes into view.
The wyvern hisses angrily.
A bullfrog comes into view.
There are monsters nearby!
The wyvern misses you. The wyvern bites you!
You take 14 damage, and have 34/51 hp.
MASSIVE DAMAGE!!
You hit the wyvern.
The wyvern is moderately wounded.
You block the wyvern's attack.
You hit the wyvern.
The wyvern is moderately wounded.
The wyvern closely misses you. You furiously retaliate!
You headbutt the wyvern, but do no damage.
The wyvern bites you.
You take 2 damage, and have 32/51 hp.
You barely miss the wyvern.
The wyvern is moderately wounded.
The wyvern bites you!
You take 8 damage, and have 24/51 hp.
You barely miss the wyvern.
The wyvern is moderately wounded.
The wyvern bites you.
You take 4 damage, and have 20/51 hp.
You hit the wyvern. Your headbutt misses the wyvern.
The wyvern is moderately wounded.
The wyvern bites you but does no damage.
The wyvern bites you.
* * * LOW HITPOINT WARNING * * *
You take 5 damage, and have 15/51 hp.
It was a potion of brilliance.
You feel clever all of a sudden.
Xom thinks this is hilarious!
You block the wyvern's attack.
It was a potion of curing.
You feel better. The wyvern bites you! The wyvern closely misses you.
You regained 2 hp, and now have 17/51 hp.
You closely miss the wyvern.
The wyvern is moderately wounded.
The wyvern bites you!
* * * LOW HITPOINT WARNING * * *
You take 15 damage, and have 2/51 hp.
MASSIVE DAMAGE!!
It was a potion of degeneration.
There was something very wrong with that liquid.
You feel weakened.
You feel dopey.
You feel clumsy. The wyvern closely misses you.
It was a potion of mutation.
You feel extremely strange.
Your bones become slightly less dense.
Xom thinks this is hilarious!
You feel robust.
Xom makes a sudden noise!
You hear a voice calling your name.
You hear a shout! x2
The wyvern bites you!
You die...
Xom laughs nastily!

...# ... #..# #..
#..# #.. #..## #..
...# ..... ##..#
...##. #...## .#
...# #.#..#
#.####.# #@##.#
#..##.... #l##.##
#.># #....
#F##..##..# #....
#.###....# #....
#.# #...#### #####
#.##..#....## ##..
#.#..#####..###..#
#...# ##..#..##
..## ##.#.##


You could see a wyvern and a bullfrog.

Vanquished Creatures
  A howler monkey (D:3)
  2 orc priests (D:3)
  A worker ant (D:4)
  A hound skeleton (D:4)
  4 gnolls (D:3)
  2 adders
  A white imp (D:4)
  2 oozes
  A worm (D:2)
  2 dart slugs (D:1)
  3 leopard geckos
  7 orcs (D:3)
  2 ball pythons
  4 giant cockroaches
  3 goblins
  9 hobgoblins
  7 kobolds
  A quokka (D:3)
  5 bats
  4 frilled lizards
  A rat (D:3)
63 creatures vanquished.

Vanquished Creatures (collateral kills)
  An orc priest (D:3)
  An orc (D:3)
2 creatures vanquished.

Grand Total: 65 creatures vanquished

Notes
Turn   | Place    | Note
-------+----------+-------------------------------------------
     0 | D:1      | Irenicus the Minotaur Chaos Knight began the quest for the
                  | Orb.
     0 | D:1      | Reached XP level 1. HP: 19/19 MP: 0/0
    25 | D:1      | XOM: potion effect (curing)
    28 | D:1      | Reached skill level 4 in Long Blades
    50 | D:1      | Reached XP level 2. HP: 26/26 MP: 1/1
   212 | D:1      | XOM: divination: detect items
   268 | D:1      | XOM: silly message
   384 | D:1      | Reached skill level 5 in Long Blades
   736 | D:2      | XOM: cloud trail
   740 | D:2      | Reached XP level 3. HP: 31/31 MP: 2/2
   755 | D:2      | XOM: god gift: 26 gold pieces
  1083 | D:2      | XOM: chaos upgrade
  1383 | D:3      | Found a faded altar of an unknown god.
  1402 | D:3      | Reached XP level 4. HP: 28/39 MP: 3/3
  1447 | D:3      | Reached skill level 6 in Long Blades
  1506 | D:3      | XOM: cast spell 'Discord'
  1525 | D:3      | Reached skill level 7 in Long Blades
  1525 | D:3      | Reached XP level 5. HP: 28/45 MP: 4/4
  1815 | D:3      | Reached skill level 8 in Long Blades
  1881 | D:3      | Found a broken altar of Ashenzari.
  1891 | D:3      | Found a stormy altar of Qazlal.
  2094 | D:4      | Found Aplemim's Distillery.
  2099 | D:4      | Reached XP level 6. HP: 50/51 MP: 5/5
  2105 | D:4      | Bought a potion of haste for 120 gold pieces
  2209 | D:4      | Noticed a wyvern
  2219 | D:4      | HP: 2/51 [wyvern (15)]
  2221 | D:4      | Gained mutation: You have a somewhat thin skeletal
                  | structure. (Dex +2, Stealth) [potion of mutation]
  2221 | D:4      | Gained mutation: You are robust. (+10% HP) [potion of
                  | mutation]
  2221 | D:4      | XOM: noise
  2221 | D:4      | Mangled by a wyvern

Illustrated notes

Levels and vault maps discovered:
D:1:      nicolae_arrival_washed_ashore, layout_loops_ring,
          columned_hall_lemuel, roderic_serpentine_path
D:2:      layout_loops_ring
D:3:      layout_basic, amethyst_overflow_temple_binary, serial_rivers,
          chequers_serial_rivers_small_b, chequers_serial_rivers_room_a,
          chequers_serial_rivers_small_b, chequers_serial_rivers_micro_c,
          chequers_ecumenical_altar_simple_redux, feat_on_display
D:4:      layout_rooms, serial_shops, nicolae_shop_competitors_out_of_business

Skill      XL: |  1  2  3  4  5 |
---------------+----------------+-----
Long Blades    | 4 5 7 8 |  8.3
Fighting       | |  3.6
Armour         | |  2.4
Dodging        | |  1.1

Action                   |  1- 3 |  4- 6 || total
-------------------------+-------+-------++-------
Melee: Falchion          |    85 |    64 ||   149
       Headbutt          |    15 |    10 ||    25
  Use: Potion            |       |     4 ||     4
 Stab: Paralysed         |       |     1 ||     1
Armor: Leather armour    |    26 |       ||    26
       Ring mail         |     4 |    13 ||    17
Dodge: Dodged            |    42 |    33 ||    75
Block: Other             |    23 |    16 ||    39
       Reflection        |     7 |     1 ||     8
       Rpst.: Falchion   |    12 |     6 ||    18

Table legend: (Time is in decaauts)
 A = Elapsed time spent in this place.
 B = Non-inter-level travel time spent in this place.
 C = Inter-level travel time spent in this place.
 D = Time resting spent in this place.
 E = Time spent auto-exploring this place.
 F = Levels seen in this place.
 G = Mean time per level.
                   A        B        C        D        E       F      G
               +--------+--------+--------+--------+--------+-----+--------+
         Total |   2223 |   2104 |    119 |      0 |   1632 |   4 |  555.8 |
       Dungeon |   2223 |   2104 |    119 |      0 |   1632 |   4 |  555.8 |
               +--------+--------+--------+--------+--------+-----+--------+

Top non-repeatable levels by time:
     D:1: 724 daAuts
     D:3: 724 daAuts
     D:2: 649 daAuts
     D:4: 125 daAuts

Table legend:
 A = Kills in this place as a percentage of kills in entire the game.
 B = Kills by you in this place as a percentage of kills by you in the entire game.
 C = Kills by friends in this place as a percentage of kills by friends in the entire game.
 D = Other kills in this place as a percentage of other kills in the entire game.
 E = Experience gained in this place as a percentage of experience gained in the entire game.
 F = Experience gained in this place divided by the number of levels of this place that you have seen.
                   A       B       C       D       E      F
               +-------+-------+-------+-------+-------+----------------------
         Total | 100.0 | 100.0 | 100.0 |   N/A | 100.0 | 106.2
       Dungeon | 100.0 | 100.0 | 100.0 |   N/A | 100.0 | 106.2
               +-------+-------+-------+-------+-------+----------------------
